NCAA
CALIFORNIA GOLDEN BEARS @ MIAMI HURRICANES
04/12/2029
 
TOP OF THE 1ST
California Golden Bears batting - Pitching for Miami Hurricanes : RHP Patrick Lloyd
Pitching: RHP Patrick Lloyd
Batting: LHB Otis Johnston 0-0: Ball
1-0: Ball
2-0: Ball
3-0: Called Strike
3-1: Base on Balls
Batting: RHB Phil Cabrera 0-0: Called Strike
0-1: Ball
1-1: Fly out, F4 (Popup, 4M)
Batting: RHB Sergio González 0-0: Called Strike
0-1: Ball
1-1: Ball
2-1: Foul Ball, location: 2F
2-2: Strikes out swinging
Batting: RHB Gabriel Lucero 0-0: Called Strike
0-1: Ball
1-1: Swinging Strike
1-2: Foul Ball, location: 2F
1-2: Ball
2-2: Ball
3-2: Strikes out swinging
Top of the 1st over - 0 runs, 0 hits, 0 errors, 1 left on base; California 0 - Miami 0
BOTTOM OF THE 1ST
Miami Hurricanes batting - Pitching for California Golden Bears : RHP Esteban Ortega
Pitching: RHP Esteban Ortega
Batting: RHB Thad Hunter 0-0: Ball
1-0: Ball
2-0: Ball
3-0: Base on Balls
Batting: RHB Eric Hillman 0-0: DOUBLE (Line Drive, 7D)
Thad Hunter to third
Batting: RHB Stephen Segura 0-0: Ball
1-0: Ball
2-0: Foul Ball, location: 2F
2-1: Foul Ball, location: 2F
2-2: Ground out 5-3 (Groundball, 5D)
Batting: RHB Eric Hawkins 0-0: Ball
1-0: Ball
2-0: Called Strike
2-1: Swinging Strike
2-2: Ground out 5-3 (Groundball, 56)
Thad Hunter scores
Batting: RHB Joe Wild 0-0: Ball
1-0: Foul Ball, location: 2F
1-1: Swinging Strike
1-2: Foul Ball, location: 2F
1-2: SINGLE (Groundball, 34D)
Eric Hillman to third
Runner from 3rd tries for Home, SAFE, no throw
Batting: LHB José Méndez 0-0: Called Strike
0-1: Ball
1-1: Foul Ball, location: 2F
1-2: Fly out, F8 (Flyball, 89M)
Bottom of the 1st over - 2 runs, 2 hits, 0 errors, 1 left on base; California 0 - Miami 2
TOP OF THE 2ND
California Golden Bears batting - Pitching for Miami Hurricanes : RHP Patrick Lloyd
Batting: RHB Cisco Villa 0-0: Ball
1-0: Ball
2-0: Ball
3-0: Base on Balls
Batting: RHB Lyle Clark 0-0: Ball
1-0: Foul Ball, location: 2F
1-1: Ball
2-1: Foul Ball, location: 2F
2-2: Ball
3-2: Strikes out swinging
Batting: SHB John Allen 0-0: Ball
1-0: Fly out, F9 (Flyball, 9D)
Batting: RHB Dave Burchette 0-0: Swinging Strike
0-1: Foul Ball, location: 2F
0-2: Ball
Wild Pitch!
Cisco Villa to second
1-2: Ball
2-2: Strikes out swinging
Top of the 2nd over - 0 runs, 0 hits, 0 errors, 1 left on base; California 0 - Miami 2
BOTTOM OF THE 2ND
Miami Hurricanes batting - Pitching for California Golden Bears : RHP Esteban Ortega
Batting: SHB Roy Johnston 0-0: Ball
1-0: SINGLE (Groundball, 34D)
Batting: RHB Kevin Magee 0-0: Called Strike
0-1: Grounds into double play, 6-4-3 (Groundball, 6)
Batting: LHB Walton Arnold 0-0: Ball
1-0: Foul Ball, location: 2F
1-1: Ball
2-1: Foul Ball, location: 2F
2-2: Strikes out swinging
Bottom of the 2nd over - 0 runs, 1 hit, 0 errors, 0 left on base; California 0 - Miami 2
TOP OF THE 3RD
California Golden Bears batting - Pitching for Miami Hurricanes : RHP Patrick Lloyd
Batting: SHB Dan Morse 0-0: Called Strike
0-1: Ball
1-1: Called Strike
1-2: SINGLE (Groundball, 34D)
Batting: LHB Otis Johnston 0-0: Ball
1-0: Swinging Strike
1-1: Called Strike
1-2: Ball
2-2: Fly out, F8 (Line Drive, 8RM)
Batting: RHB Phil Cabrera 0-0: Called Strike
0-1: Ball
1-1: Ball
2-1: Called Strike
2-2: Ball
3-2: Base on Balls
Dan Morse to second
Batting: RHB Sergio González 0-0: Ball
1-0: DOUBLE (Line Drive, 78D)
Dan Morse scores
Phil Cabrera to third
Batting: RHB Gabriel Lucero 0-0: Ball
1-0: Swinging Strike
1-1: Foul Ball, location: 2F
1-2: Ball
2-2: Ball
3-2: Base on Balls
Batting: RHB Cisco Villa 0-0: Ball
1-0: Ball
2-0: Grounds into double play, 6-4-3 (Groundball, 56)
Top of the 3rd over - 1 run, 2 hits, 0 errors, 2 left on base; California 1 - Miami 2
BOTTOM OF THE 3RD
Miami Hurricanes batting - Pitching for California Golden Bears : RHP Esteban Ortega
Batting: RHB Thad Hunter 0-0: Called Strike
0-1: Ball
1-1: Foul Ball, location: 2F
1-2: Ball
2-2: Ball
3-2: Strikes out swinging
Batting: RHB Eric Hillman 0-0: Ball
1-0: Ball
2-0: Ball
3-0: Base on Balls
Batting: RHB Stephen Segura 0-0: Fielders Choice at 2nd, 1-6 (Groundball, 13S)
Batting: RHB Eric Hawkins 0-0: Ball
Passed Ball!
Stephen Segura to second
1-0: Foul Ball, location: 2F
1-1: Ball
2-1: Foul Ball, location: 2F
2-2: Strikes out swinging
Bottom of the 3rd over - 0 runs, 0 hits, 0 errors, 1 left on base; California 1 - Miami 2
TOP OF THE 4TH
California Golden Bears batting - Pitching for Miami Hurricanes : RHP Patrick Lloyd
Batting: RHB Lyle Clark 0-0: Ball
1-0: Ball
2-0: SINGLE (Line Drive, 34D)
Batting: SHB John Allen 0-0: Reaches on Catchers interference
Lyle Clark to second
Batting: RHB Dave Burchette 0-0: Ball
1-0: Ball
2-0: Swinging Strike
2-1: Ball
3-1: Grounds into double play, 5-4-3 (Groundball, 56)
Lyle Clark to third
Batting: SHB Dan Morse 0-0: Ball
1-0: Swinging Strike
1-1: Ball
2-1: Ball
3-1: Base on Balls
Batting: LHB Otis Johnston 0-0: Called Strike
0-1: Called Strike
0-2: Ball
1-2: Foul Ball, location: 2F
1-2: Foul Ball, location: 2F
1-2: Ball
2-2: Foul Ball, location: 2F
2-2: Strikes out swinging
Top of the 4th over - 0 runs, 1 hit, 1 error, 2 left on base; California 1 - Miami 2
BOTTOM OF THE 4TH
Miami Hurricanes batting - Pitching for California Golden Bears : RHP Esteban Ortega
Batting: RHB Joe Wild 0-0: Fly out, F7 (Flyball, 7)
Batting: LHB José Méndez 0-0: Called Strike
0-1: SINGLE (Groundball, 4D)
Batting: SHB Roy Johnston 0-0: Ball
1-0: Ball
2-0: Foul Ball, location: 2F
2-1: Fly out, F5 (Line Drive, 56)
Batting: RHB Kevin Magee 0-0: Foul Ball, location: 2F
0-1: DOUBLE (Flyball, 8LD)
José Méndez to third
Runner from 3rd tries for Home, SAFE, no throw
Batting: LHB Walton Arnold 0-0: Ball
1-0: Ball
2-0: Ball
3-0: Base on Balls
Batting: RHB Thad Hunter 0-0: Swinging Strike
0-1: Foul Ball, location: 2F
0-2: Hit by Pitch
Kevin Magee to third
Walton Arnold to second
Batting: RHB Eric Hillman 0-0: Called Strike
0-1: Ball
1-1: Single, Error in OF, E8, batter to second base
Kevin Magee scores
Walton Arnold scores
Thad Hunter to third
Batting: RHB Stephen Segura 0-0: Ball
1-0: Fly out, F7 (Flyball, 7S)
Bottom of the 4th over - 3 runs, 3 hits, 1 error, 2 left on base; California 1 - Miami 5
TOP OF THE 5TH
California Golden Bears batting - Pitching for Miami Hurricanes : RHP Patrick Lloyd
Pitching: RHP Kevin Clay
Batting: RHB Phil Cabrera 0-0: Called Strike
0-1: Called Strike
0-2: Strikes out swinging
Batting: RHB Sergio González 0-0: Ball
1-0: Ball
2-0: Foul Ball, location: 2F
2-1: Ground out 6-3 (Groundball, 6)
Batting: RHB Gabriel Lucero 0-0: Ball
1-0: Ball
2-0: Fly out, F6 (Line Drive, 6)
Top of the 5th over - 0 runs, 0 hits, 0 errors, 0 left on base; California 1 - Miami 5
BOTTOM OF THE 5TH
Miami Hurricanes batting - Pitching for California Golden Bears : RHP Esteban Ortega
Batting: RHB Eric Hawkins 0-0: Ball
1-0: Ball
2-0: Called Strike
2-1: Foul Ball, location: 2F
2-2: SINGLE (Groundball, 56D)
Batting: RHB Joe Wild 0-0: Foul Ball, location: 2F
0-1: Ball
1-1: Ball
2-1: Ground out 6-3 (Groundball, 6S)
Eric Hawkins to second
Batting: LHB José Méndez 0-0: Called Strike
0-1: Called Strike
0-2: Ball
1-2: Foul Ball, location: 2F
1-2: Ground out 1-3 (Groundball, 13S)
Eric Hawkins to third
Pitching: RHP Martin Dixon
Batting: SHB Roy Johnston 0-0: Ball
1-0: Ball
Wild Pitch!
Eric Hawkins scores
2-0: Called Strike
2-1: Swinging Strike
2-2: Foul Ball, location: 2F
2-2: Foul Ball, location: 2F
2-2: Ball
3-2: Foul Ball, location: 2F
3-2: Foul Ball, location: 2F
3-2: Fly out, F8 (Flyball, 8LD)
Bottom of the 5th over - 1 run, 1 hit, 0 errors, 0 left on base; California 1 - Miami 6
TOP OF THE 6TH
California Golden Bears batting - Pitching for Miami Hurricanes : RHP Kevin Clay
Batting: RHB Cisco Villa 0-0: Called Strike
0-1: Swinging Strike
0-2: Strikes out swinging
Batting: RHB Lyle Clark 0-0: Swinging Strike
0-1: Called Strike
0-2: Fly out, F9 (Flyball, 9S)
Batting: SHB John Allen 0-0: Called Strike
0-1: Ball
1-1: Fly out, F9 (Flyball, 9LM)
Top of the 6th over - 0 runs, 0 hits, 0 errors, 0 left on base; California 1 - Miami 6
BOTTOM OF THE 6TH
Miami Hurricanes batting - Pitching for California Golden Bears : RHP Martin Dixon
Batting: RHB Kevin Magee 0-0: SOLO HOME RUN (Flyball, 7D), Distance : 365 ft
Batting: LHB Walton Arnold 0-0: Called Strike
0-1: Ball
1-1: Foul Ball, location: 2F
1-2: Ball
2-2: Strikes out looking
Batting: RHB Thad Hunter 0-0: Foul Ball, location: 2F
0-1: Ball
1-1: Foul Ball, location: 2F
1-2: Foul Ball, location: 2F
1-2: Ball
2-2: Foul Ball, location: 2F
2-2: Ball
3-2: Foul Ball, location: 2F
3-2: Ground out 5-3 (Groundball, 56)
Batting: RHB Eric Hillman 0-0: Ball
1-0: Foul Ball, location: 2F
1-1: Called Strike
1-2: Ball
2-2: Ground out 1-3 (Groundball, 13S)
Bottom of the 6th over - 1 run, 1 hit, 0 errors, 0 left on base; California 1 - Miami 7
TOP OF THE 7TH
California Golden Bears batting - Pitching for Miami Hurricanes : RHP Kevin Clay
Batting: RHB Dave Burchette 0-0: Ball
1-0: Swinging Strike
1-1: Called Strike
1-2: Ball
2-2: Strikes out looking
Batting: SHB Dan Morse 0-0: Ground out U3 (Groundball, 3)
Batting: LHB Otis Johnston 0-0: Ball
1-0: Ball
2-0: SINGLE (Line Drive, 89M)
Batting: RHB Phil Cabrera 0-0: Ball
1-0: Fly out, F8 (Flyball, 8RXD)
Top of the 7th over - 0 runs, 1 hit, 0 errors, 1 left on base; California 1 - Miami 7
BOTTOM OF THE 7TH
Miami Hurricanes batting - Pitching for California Golden Bears : RHP Martin Dixon
Batting: RHB Stephen Segura 0-0: Called Strike
0-1: SINGLE (Groundball, 4D)
Batting: RHB Eric Hawkins 0-0: Grounds into double play, 4-6-3 (Groundball, 4D)
Batting: RHB Joe Wild 0-0: Ball
1-0: Ball
2-0: Ball
3-0: Base on Balls
Batting: LHB José Méndez 0-0: Swinging Strike
0-1: Ball
1-1: Called Strike
1-2: Strikes out swinging
Bottom of the 7th over - 0 runs, 1 hit, 0 errors, 1 left on base; California 1 - Miami 7
TOP OF THE 8TH
California Golden Bears batting - Pitching for Miami Hurricanes : RHP Kevin Clay
Batting: RHB Sergio González 0-0: Ball
1-0: Called Strike
1-1: Ball
2-1: Ball
3-1: Foul Ball, location: 2F
3-2: Foul Ball, location: 2F
3-2: SINGLE (Groundball, 56D)
Batting: RHB Gabriel Lucero 0-0: Called Strike
0-1: Called Strike
0-2: Strikes out swinging
Batting: RHB Cisco Villa 0-0: Called Strike
0-1: Swinging Strike
0-2: Grounds into double play, 5-4-3 (Groundball, 56)
Top of the 8th over - 0 runs, 1 hit, 0 errors, 0 left on base; California 1 - Miami 7
BOTTOM OF THE 8TH
Miami Hurricanes batting - Pitching for California Golden Bears : RHP Martin Dixon
Batting: SHB Roy Johnston 0-0: Called Strike
0-1: Called Strike
0-2: Ball
1-2: Ball
2-2: Foul Ball, location: 2F
2-2: Ball
3-2: Base on Balls
Batting: RHB Kevin Magee 0-0: Ball
1-0: Ball
2-0: Called Strike
2-1: Ball
3-1: Base on Balls
Roy Johnston to second
Pitching: LHP James Key
Batting: LHB Walton Arnold 0-0: Called Strike
0-1: Foul Ball, location: 2F
0-2: Ball
1-2: Foul Ball, location: 2F
1-2: Strikes out swinging
Batting: RHB Thad Hunter 0-0: Swinging Strike
0-1: Swinging Strike
0-2: Strikes out swinging
Batting: RHB Eric Hillman 0-0: Fielders Choice at 2nd, 6-4 (Groundball, 6)
Bottom of the 8th over - 0 runs, 0 hits, 0 errors, 2 left on base; California 1 - Miami 7
TOP OF THE 9TH
California Golden Bears batting - Pitching for Miami Hurricanes : RHP Kevin Clay
Batting: RHB Lyle Clark 0-0: Ball
1-0: Ball
2-0: Ball
3-0: Called Strike
3-1: Base on Balls
Batting: SHB John Allen 0-0: Ball
1-0: Ball
2-0: Foul Ball, location: 2F
2-1: Ball
3-1: Base on Balls
Lyle Clark to second
Batting: RHB Dave Burchette 0-0: Ball
1-0: Called Strike
1-1: Ball
2-1: Swinging Strike
2-2: Strikes out swinging
Batting: SHB Dan Morse 0-0: Called Strike
0-1: 3-RUN HOME RUN (Flyball, 9D), Distance : 368 ft
Pitching: RHP Mike Murray
Batting: LHB Otis Johnston 0-0: Foul Ball, location: 2F
0-1: Ball
1-1: Ball
2-1: Swinging Strike
2-2: Ball
3-2: Foul Ball, location: 2F
3-2: Foul Ball, location: 2F
3-2: Foul Ball, location: 2F
3-2: Strikes out looking
Batting: RHB Phil Cabrera 0-0: SINGLE (Line Drive, 56D)
Pitching: LHP Horace MacGruder
Batting: RHB Sergio González 0-0: Ground out 3-1 (Groundball, 34S)
Top of the 9th over - 3 runs, 2 hits, 0 errors, 1 left on base; California 4 - Miami 7
Saturday, December 16th, 2017 - OOTP Baseball 18.8 Build 76